[Event "Team 45 45 League T48"]
[Site "Internet Chess Club"]
[Date "2011.04.07"]
[Round "9"]
[White "Gregorio"]
[Black "MtzKid"]
[Result "1/2-1/2"]
[WhiteElo "2033"]
[BlackElo "1676"]
[Opening "English: Anglo-Dutch defense"]
[ECO "A10"]
[Time "21:00:41"]
[TimeControl "2700+45"]

1. c4 f5 2. Nf3 Nf6 3. g3 e6 4. Bg2 d5 5. O-O c6 6. b3 Bd6 7. Bb2 O-O 8. Na3 Qe7
9. Qc1 Nbd7 10. d3 a5 11. Nd2 a4 12. e4 fxe4 13. dxe4 d4 14. Nc2 e5 15. b4 c5
16. a3 Nb6 17. bxc5 Bxc5 18. Nb4 Bg4 19. Nd3 Be2 20. Qc2 Bxf1 21. Bxf1 Nbd7 22.
Bh3 b6 23. Kh1 Kh8 24. Qd1 Bd6 25. Nb4 Nc5 26. f3 Qf7 27. Rc1 Qh5 28. Bg2 Qg5
29. f4 exf4 30. Bxd4 fxg3 31. e5 Qh6 32. h3 {Game drawn by mutual agreement}
1/2-1/2

[Event "Team 45 45 League T48"]
[Site "Internet Chess Club"]
[Date "2011.04.10"]
[Round "9"]
[White "Magagna"]
[Black "MeanMrMustard"]
[Result "1-0"]
[WhiteElo "1915"]
[BlackElo "1845"]
[Opening "QGD Slav: 5.e3 (Alekhine variation)"]
[ECO "D15"]
[Time "21:07:06"]
[TimeControl "2700+45"]

1. d4 d5 2. c4 c6 3. Nc3 Nf6 4. Nf3 dxc4 5. e3 b5 6. a4 b4 7. Na2 e6 8. Bxc4 Bb7
9. Bd2 a5 10. O-O Be7 11. Nc1 O-O 12. Re1 Ne4 13. Nd3 Nxd2 14. Qxd2 Nd7 15. Rac1
c5 16. Nde5 cxd4 17. Nxd7 Qxd7 18. Bb5 Qd5 19. Qxd4 Bf6 20. Qxd5 Bxd5 21. Nd4
Bxd4 22. exd4 Rfc8 23. Ba6 Rd8 24. Bb5 Rac8 25. Rc5 Rxc5 26. dxc5 Rc8 27. Rc1
Bc6 28. f4 Kf8 29. Kf2 Ke7 30. g4 Kd7 31. Rd1+ Kc7 32. Rd6 Kb7 33. Bd3 h6 34.
Ke3 Bxa4 35. Ba6+ {Black resigns} 1-0

[Event "Team 45 45 League T48"]
[Site "Internet Chess Club"]
[Date "2011.04.09"]
[Round "9"]
[White "ghostfire"]
[Black "gerailen0075"]
[Result "1/2-1/2"]
[WhiteElo "1702"]
[BlackElo "1968"]
[Opening "French: Fort Knox variation"]
[ECO "C10"]
[Time "21:06:35"]
[TimeControl "2700+45"]

1. e4 e6 2. d4 d5 3. Nc3 dxe4 4. Nxe4 Bd7 5. Nf3 Bc6 6. Bd3 Nd7 7. O-O Ngf6 8.
Ng3 Bxf3 9. Qxf3 c6 10. c3 Be7 11. Re1 O-O 12. Nh5 Nxh5 13. Qxh5 g6 14. Qh3 Nf6
15. Bh6 Re8 16. Rad1 Qa5 17. Bb1 Rad8 18. Re5 Rd5 19. Rxd5 Qxd5 20. Re1 Rd8 21.
Qg3 Nh5 22. Qf3 Qxf3 23. gxf3 Bf6 24. Be3 a6 25. Bc2 Kg7 26. f4 Rd7 27. Bd1 Bd8
28. Bxh5 gxh5 29. Kg2 f5 30. Kf3 Kf6 31. Rg1 Rg7 32. Rxg7 Kxg7 33. h3 Bf6 34.
Ke2 Kf7 35. Kd3 Ke7 36. b3 {Game drawn by mutual agreement} 1/2-1/2

[Event "Team 45 45 League T48"]
[Site "Internet Chess Club"]
[Date "2011.04.09"]
[Round "9"]
[White "TwoEqualsOne"]
[Black "Frankly"]
[Result "1-0"]
[WhiteElo "1771"]
[BlackElo "1810"]
[Opening "Queen's gambit accepted"]
[ECO "D20"]
[Time "03:09:21"]
[TimeControl "2700+45"]

1. d4 d5 2. c4 dxc4 3. Nc3 a6 4. a4 Nf6 5. e3 Bg4 6. Nf3 Nc6 7. Bxc4 e6 8. h3
Bh5 9. O-O Bd6 10. e4 Bxf3 11. gxf3 Nxd4 12. Bg5 Be7 13. e5 Ng8 14. Be3 Bc5 15.
Kg2 Ne7 16. Bd3 Ba7 17. Bg5 h6 18. Bh4 g5 19. Bg3 Nef5 20. Bxf5 Nxf5 21. Qe2 Qe7
22. Rad1 Qb4 23. Qd3 Nd4 24. Ne4 Ke7 25. Rc1 c5 26. Rc4 Qa5 27. b4 Qc7 28. Qxd4
Rhd8 29. Qc3 b6 30. Nd6 Qd7 31. bxc5 bxc5 32. Rb1 Rab8 33. Rxb8 Rxb8 34. f4 Qc6+
35. Qf3 Qd5 36. Rc3 gxf4 37. Bxf4 Rg8+ 38. Kh2 Rg7 39. Qxd5 exd5 40. Be3 d4 41.
Bxd4 cxd4 42. Rc7+ Ke6 43. Rxa7 d3 44. Rxa6 Kxe5 45. Nc4+ Kd4 46. Nd2 Kc3 47.
Ne4+ Kd4 48. f3 f5 49. Nd2 Ke3 50. Nc4+ Kd4 51. Rc6 Kd5 52. Rc8 Re7 53. Kg3 Rb7
54. Kf4 Rb4 55. Ke3 Rb3 56. Nd2 Ra3 57. Rd8+ Kc5 58. Rd4 Ra2 59. a5 Kb5 60. Rd5+
Kb4 61. Rxf5 Kc3 62. Rc5+ Kb4 63. Rc4+ Kxa5 64. Kxd3 Kb5 65. Rd4 Kc5 66. Ne4+
Kc6 67. Rd6+ Kc7 68. Rxh6 Ra3+ 69. Ke2 Ra2+ 70. Ke3 Ra3+ 71. Kf4 Ra2 72. Rf6 Rh2
73. Kg4 Rg2+ 74. Ng3 Ra2 75. h4 Ra4+ 76. f4 Kd7 77. h5 Ke7 78. Kg5 Ra1 79. Rg6
Rg1 80. Kg4 Kf7 81. f5 Ra1 82. h6 Ra4+ 83. Kg5 Ra8 84. Rg7+ Kf8 85. Nh5 Ra1 86.
h7 Rg1+ 87. Kh6 {Black resigns} 1-0

[Event "Team 45 45 League T48"]
[Site "Internet Chess Club"]
[Date "2011.04.09"]
[Round "9"]
[White "DARKwizard1"]
[Black "mickeys"]
[Result "0-1"]
[WhiteElo "1975"]
[BlackElo "1990"]
[Opening "French: exchange variation"]
[ECO "C01"]
[Time "18:00:38"]
[TimeControl "2700+45"]

1. e4 e6 2. d4 d5 3. exd5 exd5 4. Bd3 Bd6 5. Be3 Nf6 6. h3 Nc6 7. Nf3 Bd7 8. c3
O-O 9. O-O Re8 10. Bg5 h6 11. Be3 a6 12. Re1 Rb8 13. Nbd2 Ne4 14. c4 Nxd2 15.
Bxd2 Rxe1+ 16. Bxe1 dxc4 17. Bxc4 b5 18. Bb3 Qf6 19. Rc1 Re8 20. Bc3 b4 21. d5
bxc3 22. dxc6 Bxc6 23. Rxc3 Bb5 24. g3 Re2 25. a4 Rxb2 26. Qc1 Rxb3 27. Rxb3
Bxa4 28. Rb8+ Kh7 29. Qb1+ g6 30. Qe4 Bb5 31. Qd4 Qg7 32. Qh4 Qa1+ 33. Kh2 Bc6
34. Qd4 Qxd4 35. Nxd4 Bd5 36. f4 Kg7 37. Ne2 h5 38. Nc3 Bc6 39. Rb1 g5 40. fxg5
h4 41. Ne2 Kg6 42. Rf1 a5 43. Nf4+ Kxg5 44. gxh4+ Kxh4 45. Kg1 a4 46. Rc1 Bd7
47. Nd5 a3 48. Kf2 a2 49. Nc3 Be6 50. Ke3 Be5 51. Kd3 Kxh3 52. Nxa2 Bxa2 53. Ke4
f6 54. Rc5 Bb1+ 55. Kf3 Bf5 56. Ra5 Bg4+ 57. Ke4 Bd6 58. Rb5 f5+ 59. Ke3 f4+ 60.
Kf2 f3 61. Kg1 Bg3 62. Rb3 f2+ 63. Kf1 Be6 64. Rc3 Kh2 {White resigns} 0-1

[Event "Team 45 45 League T48"]
[Site "Internet Chess Club"]
[Date "2011.04.12"]
[Round "9"]
[White "pishd"]
[Black "kidviper"]
[Result "1/2-1/2"]
[WhiteElo "1782"]
[BlackElo "1947"]
[Opening "Queen's pawn game, Darooha variation "]
[ECO "D02"]
[Time "13:19:06"]
[TimeControl "2700+45"]

1. d4 Nf6 2. Nf3 d5 3. c3 g6 4. Bf4 Bg7 5. e3 O-O 6. Bd3 Nbd7 7. h3 c5 8. Nbd2
Qb6 9. Rb1 Nh5 10. Bh2 Re8 11. Qa4 Qd8 12. O-O Nb6 13. Qa5 Nd7 14. Qxd8 Rxd8 15.
Bc7 Re8 16. g4 Nhf6 {Game drawn by mutual agreement} 1/2-1/2

[Event "Team 45 45 League T48"]
[Site "Internet Chess Club"]
[Date "2011.04.10"]
[Round "9"]
[White "ferrari9182"]
[Black "cknights"]
[Result "1-0"]
[WhiteElo "1976"]
[BlackElo "1849"]
[Opening "QGD Slav: Czech defense"]
[ECO "D17"]
[Time "12:31:31"]
[TimeControl "2700+45"]

1. d4 d5 2. c4 c6 3. Nc3 Nf6 4. Nf3 dxc4 5. a4 Bf5 6. g3 e6 7. Bg2 Bb4 8. O-O
Bxc3 9. bxc3 Qa5 10. Ne5 Qxc3 11. Bg5 Qb4 12. Bxf6 gxf6 13. e4 Bxe4 14. Nxf7
Bxg2 15. Rb1 Qe7 16. Rxb7 Qxb7 17. Nd6+ Ke7 18. Nxb7 Bxf1 19. Qxf1 c3 20. Qc4
Kf7 21. Qxc3 h5 22. h4 a5 23. Qc5 Kg6 24. Qe7 Na6 25. Nd6 Rhf8 26. Qxe6 Nb4 27.
Qf5+ Kh6 28. g4 hxg4 29. h5 Kg7 30. Qg6+ Kh8 31. Nf7+ Rxf7 32. Qxf7 Nd5 33. Qe6
Rg8 34. Qxc6 Rg5 35. Qb5 Kg7 36. Qxa5 Rxh5 37. Qd8 Kg6 38. a5 Nf4 39. a6 Rh7 40.
Qg8+ Rg7 41. Qxg7+ Kxg7 42. a7 Ne2+ 43. Kf1 Nxd4 44. a8=Q Nf5 45. Qe4 Nh6 46.
Kg2 f5 47. Qe6 Kh7 48. Kg3 Kg7 49. Kh4 Nf7 50. Qxf5 Kg8 51. Qg6+ Kf8 52. Qxg4
Ke7 53. f4 Kf6 54. f5 Ke7 55. Qe4+ Kf6 56. Qe6+ Kg7 57. Qg6+ Kf8 58. f6 Ke8 59.
Qg8+ Kd7 60. Qxf7+ Kd6 61. Qe7+ Kd5 62. f7 Kc6 63. f8=Q Kd5 64. Qfd8+ Kc6 65.
Qec7+ Kb5 66. Qdb8+ Ka6 67. Qca7# {Black checkmated} 1-0

[Event "Team 45 45 League T48"]
[Site "Internet Chess Club"]
[Date "2011.04.07"]
[Round "9"]
[White "cosen"]
[Black "kidcobra"]
[Result "1/2-1/2"]
[WhiteElo "1666"]
[BlackElo "1662"]
[Opening "French: Rubinstein variation"]
[ECO "C10"]
[Time "12:00:12"]
[TimeControl "2700+45"]

1. e4 e6 2. d4 d5 3. Nc3 dxe4 4. Nxe4 Nc6 5. Nf3 Nf6 6. Nxf6+ gxf6 7. c3 Bd7 8.
Bc4 Qe7 9. a4 a5 10. Qe2 Rg8 11. Bf4 e5 12. dxe5 fxe5 13. Nxe5 Nxe5 14. Qxe5
Qxe5+ 15. Bxe5 Rg4 16. Bd5 c6 17. Bf3 Rg6 18. O-O Bd6 19. Bxd6 Rxd6 20. Rad1
Rxd1 21. Rxd1 Be6 22. h3 Rd8 23. Rxd8+ Kxd8 24. b4 axb4 25. cxb4 Kc7 26. Bd1 b6
27. Kf1 Kd6 28. Bg4 Bc4+ 29. Ke1 c5 30. bxc5+ bxc5 31. Bf5 h6 32. g4 f6 33. f4
Bd5 34. h4 Bb3 35. a5 Kc6 36. g5 fxg5 37. hxg5 hxg5 38. fxg5 Kb5 39. g6 Bg8 40.
Kd2 Kxa5 41. Kc3 Kb5 42. Bd7+ Kb6 43. Be8 Be6 44. g7 {Game drawn by mutual
agreement} 1/2-1/2

[Event "Team 45 45 League T48"]
[Site "Internet Chess Club"]
[Date "2011.04.09"]
[Round "9"]
[White "Chatica"]
[Black "theophilus"]
[Result "1/2-1/2"]
[WhiteElo "2134"]
[BlackElo "2220"]
[Opening "Nimzovich-Larsen attack: modern variation"]
[ECO "A01"]
[Time "10:06:12"]
[TimeControl "2700+45"]

1. b3 e5 2. Bb2 d6 3. e3 Nc6 4. Bb5 Bd7 5. Nf3 a6 6. Bxc6 Bxc6 7. O-O Nf6 8. d4
e4 9. Nfd2 d5 10. c4 Bd6 11. Nc3 Bb4 12. Qc2 Bxc3 13. Qxc3 O-O 14. a4 Re8 15.
Rfc1 Qd7 16. Nf1 Qg4 17. Ng3 h5 18. h3 Qg5 19. Ne2 h4 20. Nf4 Rad8 21. Ba3 Qf5
22. Qa5 g5 23. Ne2 g4 24. hxg4 Qxg4 25. Nf4 Kh7 26. Qd2 Nh5 27. Qe2 Qxe2 28.
Nxe2 dxc4 29. Rxc4 Nf6 30. Nf4 Nd5 31. Nxd5 Rxd5 32. Kh2 Rf5 33. Rc2 Rg8 34. Rg1
Bd5 35. Rxc7 Rxf2 36. Be7 Re2 37. Rc5 Re8 38. Bf6 Bxb3 39. Rf1 Rg8 40. Rh5+ Kg6
41. Rxh4 Rxe3 42. Rg4+ Kh7 43. Rh4+ Kg6 44. Rg4+ {Game drawn by mutual
agreement} 1/2-1/2

[Event "Team 45 45 League T48"]
[Site "Internet Chess Club"]
[Date "2011.04.10"]
[Round "9"]
[White "mickeys"]
[Black "Gregorio"]
[Result "0-1"]
[WhiteElo "1976"]
[BlackElo "2047"]
[Opening "Queen's pawn game"]
[ECO "E10"]
[Time "11:00:10"]
[TimeControl "2700+45"]

1. d4 Nf6 2. Nf3 e6 3. c4 d5 4. e3 Be7 5. Nc3 O-O 6. Bd3 b6 7. O-O Nbd7 8. cxd5
exd5 9. Qe2 Re8 10. a3 c6 11. Qc2 Bb7 12. b4 Bd6 13. e4 dxe4 14. Nxe4 Bc7 15.
Bg5 h6 16. Bh4 Bf4 17. g3 Bc7 18. Nfd2 Rc8 19. Nc4 g5 20. Nxg5 hxg5 21. Bxg5 Nf8
22. Rad1 Ne6 23. Be3 Kg7 24. Bf5 Qd5 25. f3 Ba6 26. Bd3 Qh5 27. Be2 Nd5 28. Bf2
Qh3 29. Ne3 Rh8 30. Nf5+ Kf6 {White resigns} 0-1

[Event "Team 45 45 League T48"]
[Site "Internet Chess Club"]
[Date "2011.04.08"]
[Round "9"]
[White "DARKwizard1"]
[Black "Pacini"]
[Result "1/2-1/2"]
[WhiteElo "1992"]
[BlackElo "1961"]
[Opening "Sicilian: Keres variation (2.Ne2)"]
[ECO "B20"]
[Time "20:00:31"]
[TimeControl "2700+45"]

1. e4 c5 2. Ne2 Nc6 3. g3 g6 4. Bg2 Bg7 5. O-O d6 6. h3 e5 7. c4 Nge7 8. Kh2 Be6
9. d3 O-O 10. Nbc3 Qd7 11. a3 f5 12. f4 Nd4 13. Rb1 Rab8 14. b4 b6 15. Bd2 Nxe2
16. Qxe2 Nc6 17. exf5 Bxf5 18. Bd5+ Kh8 19. Qg2 Nd4 20. Ne4 Be6 21. Bxe6 Qxe6
22. b5 Rbe8 23. a4 Qd7 24. Nc3 Qf5 25. Ne4 Qd7 26. fxe5 Bxe5 27. Bh6 Bg7 28.
Bxg7+ Kxg7 29. Rxf8 Rxf8 30. Rf1 d5 31. Rxf8 Kxf8 32. Qf2+ Qf5 33. cxd5 Qxf2+
34. Nxf2 Ke7 35. Ne4 Nf3+ 36. Kh1 Ne1 37. Nxc5 Kd6 38. Ne4+ Kxd5 39. Nf6+ Kc5
40. d4+ Kxd4 41. Nxh7 Kc4 42. Nf8 Kb4 43. Nxg6 Kxa4 44. h4 Kxb5 45. Ne5 a5 46.
h5 a4 47. h6 a3 48. h7 a2 49. h8=Q a1=Q 50. Qe8+ Kc5 51. Qc6+ Kd4 52. Qd7+ Ke4
53. Qg4+ Kd5 54. Qd7+ Ke4 55. Qb7+ Kd4 56. Qd7+ Ke4 57. Qg4+ Kd5 58. Ng6 Nd3+
59. Kg2 Qb2+ 60. Kg1 Qf2+ 61. Kh1 Qe1+ 62. Kg2 Qh1+ 63. Kxh1 Nf2+ 64. Kg2 Nxg4
65. Kf3 Nh2+ 66. Ke2 Ke4 67. Kd2 {Game drawn by mutual agreement} 1/2-1/2

[Event "Team 45 45 League T48"]
[Site "Internet Chess Club"]
[Date "2011.04.09"]
[Round "9"]
[White "subterfuge"]
[Black "kidviper"]
[Result "0-1"]
[WhiteElo "1772"]
[BlackElo "1962"]
[Opening "Nimzo-Indian: classical, 4...c5"]
[ECO "E38"]
[Time "16:00:31"]
[TimeControl "2700+45"]

1. d4 Nf6 2. c4 e6 3. Nc3 Bb4 4. Qc2 c5 5. e3 O-O 6. Bd3 b6 7. Ne2 Bb7 8. f3 Nc6
9. Bd2 cxd4 10. exd4 d5 11. cxd5 exd5 12. O-O h6 13. g4 Be7 14. Nd1 Rc8 15. Qb3
Re8 16. Bf5 Rb8 17. Qd3 Bb4 18. Nec3 Nxd4 19. Bf4 Ra8 20. Nf2 Bxc3 21. bxc3 Ne2+
22. Kh1 Nxf4 23. Qd2 Ne6 24. h4 d4 25. Nh3 dxc3 26. Qxc3 Nd5 27. Qb3 Qxh4 28.
Kh2 Ndf4 29. g5 Nxg5 30. Rg1 Nxf3+ {White resigns} 0-1

[Event "Team 45 45 League T48"]
[Site "Internet Chess Club"]
[Date "2011.04.08"]
[Round "9"]
[White "KingDestroyer"]
[Black "QueensCounselor"]
[Result "1-0"]
[WhiteElo "2304"]
[BlackElo "2154"]
[Opening "English: symmetrical variation"]
[ECO "A38"]
[Time "15:00:18"]
[TimeControl "2700+45"]

1. Nf3 Nf6 2. c4 c5 3. Nc3 Nc6 4. g3 g6 5. Bg2 Bg7 6. O-O d6 7. d4 cxd4 8. Nxd4
Bd7 9. Nc2 O-O 10. b3 a6 11. Bb2 Rb8 12. Qd2 Re8 13. Ne3 Qa5 14. Rfd1 Bh6 15. f4
Bg7 16. Ncd5 Qxd2 17. Rxd2 Nxd5 18. Nxd5 Bxb2 19. Rxb2 Bg4 20. Kf2 Kg7 21. Rc1
h5 22. Rd2 Rbc8 23. Ne3 Red8 24. Rcd1 Be6 25. Nd5 Re8 26. Nb6 Rb8 27. Rc1 Red8
28. Bf3 Bg4 29. e3 Re8 30. Nd5 Red8 31. a3 Rbc8 32. b4 Re8 33. Rb2 Red8 34. Bg2
Re8 35. Nb6 Rc7 36. Rbc2 Be6 37. Bd5 Nd8 38. Rc3 f6 39. e4 Bg4 40. c5 dxc5 41.
Rxc5 Rxc5 42. Rxc5 Ne6 43. Rc8 Rxc8 44. Nxc8 b5 45. Bxe6 Bxe6 46. Nxe7 Kf7 47.
Nd5 Kg7 48. Ke3 Kf7 49. Kd4 {Black resigns} 1-0

[Event "Team 45 45 League T48"]
[Site "Internet Chess Club"]
[Date "2011.04.10"]
[Round "9"]
[White "fledermaus"]
[Black "bwang88"]
[Result "0-1"]
[WhiteElo "1897"]
[BlackElo "1969"]
[Opening "QGD: semi-Slav, Abrahams variation"]
[ECO "D31"]
[Time "15:59:29"]
[TimeControl "2700+45"]

1. d4 d5 2. c4 e6 3. Nc3 c6 4. Nf3 dxc4 5. e3 b5 6. a4 Bb4 7. Bd2 a5 8. axb5
Bxc3 9. Bxc3 cxb5 10. b3 Bb7 11. bxc4 b4 12. Bb2 Nf6 13. Be2 O-O 14. O-O Nbd7
15. Nd2 Qc7 16. c5 Bc6 17. Bc4 a4 18. Ra2 Rfb8 19. Re1 Qb7 20. f3 Ra7 21. e4
Rba8 22. Nf1 Bb5 23. Qd3 Ra5 24. Rea1 a3 25. Bc1 e5 26. Nd2 exd4 27. Nb3 Ne5 28.
Nxa5 Rxa5 29. Qxd4 Nxc4 30. Bd2 Ra4 31. Rb1 Nxd2 32. Qxd2 Qd7 33. Qc1 Qd4+ 34.
Kh1 h6 35. c6 Bxc6 36. Qxc6 b3 37. Rd2 a2 38. Rg1 Qxg1+ 39. Kxg1 a1=Q+ 40. Kf2
b2 41. Qc8+ Kh7 42. Qf5+ g6 43. Qxf6 b1=Q 44. e5 Qe1# {White checkmated} 0-1

[Event "Team 45 45 League T48"]
[Site "Internet Chess Club"]
[Date "2011.04.12"]
[Round "9"]
[White "brgdgaf"]
[Black "jonesey"]
[Result "1-0"]
[WhiteElo "2142"]
[BlackElo "1986"]
[Opening "Queen's pawn"]
[ECO "A40"]
[Time "12:00:19"]
[TimeControl "2700+45"]

1. d4 c6 2. Nf3 Nf6 3. g3 d5 4. Bg2 Bg4 5. Ne5 Bf5 6. O-O e6 7. c4 Bd6 8. Nc3
O-O 9. Bg5 h6 10. Bxf6 Qxf6 11. f4 Rd8 12. c5 Bxe5 13. fxe5 Qg5 14. Rf4 Nd7 15.
Qa4 f6 16. exf6 Nxf6 17. e4 Bg6 18. Raf1 Rf8 19. Qb3 Rab8 20. Bf3 Nd7 21. Bg2
Nf6 22. Bf3 Nd7 23. Bg2 Kh8 24. e5 Kg8 25. Bh3 Qe7 26. Rxf8+ Nxf8 27. Ne2 Nd7
28. Qa3 Ra8 29. Nf4 Bf7 30. Bg4 b6 31. cxb6 Qxa3 32. bxa3 axb6 33. Nxe6 Rxa3 34.
Nd8 Be8 35. Be6+ Kh7 36. Nxc6 Rxa2 37. Bxd5 Rd2 38. Be4+ Kh8 39. h4 b5 40. g4 b4
41. g5 {Black resigns} 1-0

[Event "Team 45 45 League T48"]
[Site "Internet Chess Club"]
[Date "2011.04.07"]
[Round "9"]
[White "fishhead"]
[Black "Philly-Boy"]
[Result "1-0"]
[WhiteElo "1868"]
[BlackElo "1819"]
[Opening "Scandinavian defense"]
[ECO "B01"]
[Time "22:15:17"]
[TimeControl "2700+45"]

1. e4 d5 2. exd5 Nf6 3. d4 Bg4 4. f3 Bf5 5. Bd3 Bxd3 6. Qxd3 Nxd5 7. c4 Nb4 8.
Qc3 e6 9. a3 N4c6 10. Ne2 Be7 11. Be3 O-O 12. Nd2 Bg5 13. Ne4 Bxe3 14. Qxe3 Qh4+
15. g3 Qe7 16. O-O-O a5 17. Nf4 a4 18. h4 Na5 19. Qc3 Nb3+ 20. Kb1 Nc6 21. d5 e5
22. dxc6 exf4 23. Rd7 Qe6 24. gxf4 f6 25. Rg1 Rf7 26. cxb7 Rb8 27. Rxf7 Kxf7 28.
Qb4 Qa6 29. Rxg7+ Kxg7 30. Qe7+ Kg6 31. h5+ Kf5 32. Qxc7 Rxb7 33. Ng3+ Ke6 34.
f5# {Black checkmated} 1-0

[Event "Team 45 45 League T48"]
[Site "Internet Chess Club"]
[Date "2011.04.09"]
[Round "9"]
[White "DarkFlow"]
[Black "Razorbackchess"]
[Result "1-0"]
[WhiteElo "1945"]
[BlackElo "1794"]
[Opening "King's Indian: Sämisch, 5...O-O"]
[ECO "E81"]
[Time "06:09:08"]
[TimeControl "2700+45"]

1. e4 g6 2. d4 Bg7 3. c4 d6 4. Nc3 Nf6 5. f3 O-O 6. Be3 c5 7. dxc5 dxc5 8. Qxd8
Rxd8 9. Bxc5 Nc6 10. Ba3 a5 11. Nge2 Ne5 12. Nf4 e6 13. Be2 g5 14. Nh3 h6 15.
O-O b6 16. Rad1 Ba6 17. b3 Nc6 18. c5 Bxe2 19. Nxe2 Bf8 20. Kh1 Bxc5 21. Bxc5
bxc5 22. Nf2 Nb4 23. Nc3 Rab8 24. Kg1 Rd4 25. Na4 Nxa2 26. Nxc5 Rxd1 27. Rxd1
Rb5 28. Nfd3 Nc3 29. Ra1 Kf8 30. Kf2 Ke7 31. Ke3 Nd7 32. Nxd7 Kxd7 33. Kd2 Rxb3
34. Nc5+ {Black resigns} 1-0

[Event "Team 45 45 League T48"]
[Site "Internet Chess Club"]
[Date "2011.04.08"]
[Round "9"]
[White "Tamarin"]
[Black "Grenadier"]
[Result "1-0"]
[WhiteElo "1744"]
[BlackElo "1797"]
[Opening "Old Indian defense"]
[ECO "A53"]
[Time "20:30:52"]
[TimeControl "2700+45"]

1. d4 Nf6 2. c4 d6 3. Nf3 Bg4 4. Nc3 Nbd7 5. h3 Bh5 6. Bf4 Bxf3 7. gxf3 e5 8.
Bh2 g6 9. f4 exd4 10. Qxd4 Bg7 11. Qd2 Qe7 12. Bg2 Nc5 13. e3 Nfe4 14. Nxe4 Nxe4
15. Qd5 Nc5 16. Rb1 c6 17. Qd1 Rd8 18. Qc2 f5 19. O-O O-O 20. Rfe1 Rfe8 21. Rbd1
Qf6 22. b4 Na6 23. a3 Qc3 24. Qxc3 Bxc3 25. Re2 Nc7 26. Rd3 Bf6 27. Red2 d5 28.
cxd5 Nxd5 29. Bxd5+ Rxd5 30. Rxd5 cxd5 31. Rxd5 Rd8 32. Rxd8+ Bxd8 33. b5 Kf7
34. f3 Bb6 35. Kf2 Ke6 36. Ke2 Kd5 37. Kd3 Kc5 38. a4 Kb4 39. e4 Kxa4 40. Kc4 a6
41. bxa6 bxa6 42. e5 Ka5 43. Bg1 Bd8 44. Bc5 Ka4 45. e6 g5 46. fxg5 Bxg5 47. e7
Bxe7 48. Bxe7 h5 49. Kd5 Kb3 50. Ke5 Kc3 51. Kxf5 Kd4 52. Kg5 Ke3 53. f4 Ke4 54.
f5 Ke5 55. f6 Ke6 56. Kxh5 Kf7 57. Kg5 a5 58. h4 a4 59. h5 Kg8 60. Kg6 {Black
resigns} 1-0

[Event "Team 45 45 League T48"]
[Site "Internet Chess Club"]
[Date "2011.04.09"]
[Round "9"]
[White "GoIrish"]
[Black "badmove"]
[Result "0-1"]
[WhiteElo "1541"]
[BlackElo "1715"]
[Opening "Réti v Dutch"]
[ECO "A04"]
[Time "15:05:53"]
[TimeControl "2700+45"]

1. Nf3 f5 2. d4 Nf6 3. c4 g6 4. Nc3 Bg7 5. Bg5 d6 6. e3 Nbd7 7. Bd3 O-O 8. O-O
e5 9. dxe5 dxe5 10. e4 f4 11. Nd5 h6 12. Bxf6 Bxf6 13. Nxf6+ Qxf6 14. b4 g5 15.
h3 h5 16. Nh2 Qg6 17. Re1 Nf6 18. Nf3 g4 19. Nxe5 Qg5 20. Ng6 gxh3 21. Qf3 Bg4
22. Qxf4 Qxg6 23. e5 Bf5 24. Bf1 Ne4 25. Re3 Kh7 26. Rae1 hxg2 27. Bxg2 Bh3 28.
Qh2 Qxg2+ 29. Qxg2 Bxg2 30. Kxg2 Nxf2 31. e6 Rae8 32. R1e2 Ng4 33. Rd3 Re7 34.
Kg3 Kg6 35. Kh4 Rf4 36. Kg3 Rxc4 37. a3 Rc6 38. Rd7 Rxd7 39. exd7 Rd6 40. Re7
Nf6 41. d8=Q Rxd8 42. Rxc7 Rd7 43. Rc4 Rd3+ 44. Kh4 Rxa3 45. Rc7 b6 46. b5 Rb3
47. Rxa7 Rxb5 48. Ra8 Rb1 49. Kg3 Kg5 50. Ra7 h4+ 51. Kh3 Rb3+ 52. Kh2 b5 53.
Rg7+ Kh5 54. Kh1 Rb2 55. Rf7 Kg5 56. Rg7+ Kh6 57. Rf7 Kg6 58. Rf8 b4 59. Rh8 Kg5
60. Rf8 b3 61. Rb8 Kg4 62. Rb4+ Kg3 63. Kg1 Rb1# {White checkmated} 0-1

[Event "Team 45 45 League T48"]
[Site "Internet Chess Club"]
[Date "2011.04.10"]
[Round "9"]
[White "MateIn42"]
[Black "Esslinger"]
[Result "0-1"]
[WhiteElo "1391"]
[BlackElo "1371"]
[Opening "Scandinavian (center counter) defense"]
[ECO "B01"]
[Time "17:09:54"]
[TimeControl "2700+45"]

1. e4 d5 2. exd5 Qxd5 3. Nc3 Qd8 4. Nf3 Bg4 5. h3 Bh5 6. Bd3 Nf6 7. g4 Bg6 8.
Bxg6 hxg6 9. d3 e6 10. Bd2 Nc6 11. Qe2 Nxg4 12. Ng5 Nf6 13. O-O-O Qd7 14. Be3
O-O-O 15. Nce4 Nd5 16. Nc5 Bxc5 17. Bxc5 Rh5 18. Qg4 Rdh8 19. h4 Ne5 20. Qd4 f6
21. Nxe6 Qxe6 22. Rde1 Qd7 23. Qe4 g5 24. hxg5 Rxh1 25. Rxh1 Rxh1+ 26. Qxh1 b6
27. Qh8+ Kb7 28. Bf8 Qg4 29. b3 Qxg5+ 30. Kb2 g6 31. Qg7 Nc6 32. Bd6 Qf5 33. Bg3
g5 34. c4 Nf4 35. Ka3 Qa5+ 36. Kb2 Nxd3+ 37. Kb1 Qe1+ {White resigns} 0-1

[Event "Team 45 45 League T48"]
[Site "Internet Chess Club"]
[Date "2011.04.10"]
[Round "9"]
[White "LazyPeon"]
[Black "justice02"]
[Result "0-1"]
[WhiteElo "1838"]
[BlackElo "1795"]
[Opening "Grünfeld: Spassky variation, main line, 10...cd, 11.cd"]
[ECO "D88"]
[Time "15:00:44"]
[TimeControl "2700+45"]

1. d4 Nf6 2. c4 g6 3. Nc3 d5 4. cxd5 Nxd5 5. e4 Nxc3 6. bxc3 Bg7 7. Bc4 c5 8.
Ne2 O-O 9. O-O Nc6 10. Be3 cxd4 11. cxd4 b6 12. Rc1 Bb7 13. Qd2 Rc8 14. Rfd1 Qd7
15. Bh6 Na5 16. Bd3 Rxc1 17. Rxc1 Rc8 18. Bxg7 Rxc1+ 19. Qxc1 Kxg7 20. Qc3 Qa4
21. d5+ f6 22. Qd2 g5 23. Ng3 Bc8 24. Be2 Nc4 25. Qc3 Ba6 26. Nf5+ Kf8 27. Qb3
Qa5 28. Qh3 Qe1+ 29. Bf1 Ne5 30. Ne3 Bxf1 31. Nxf1 Qxe4 32. Qc8+ Kg7 33. Qe6 Qb4
34. h3 Qd6 35. Qxd6 exd6 36. Ne3 Kg6 37. Kf1 f5 38. Ke2 b5 39. Kd2 f4 40. Nd1 a5
41. Nc3 b4 42. Nb5 Nf7 43. Kd3 a4 44. Kc4 b3 45. axb3 axb3 46. Kxb3 Kf5 47. Kc4
Ke4 48. Nc3+ Ke5 49. Ne2 h5 50. f3 h4 51. Nc3 Nh6 52. Ne4 g4 53. hxg4 Nxg4 54.
Kd3 Ne3 55. g4 hxg3 56. Nxg3 Nxd5 57. Ne2 Ne3 58. Nc3 d5 59. Ne2 Nf5 60. Nc3 Nd4
61. Kd2 Nxf3+ 62. Ke2 d4 63. Nd1 Ng5 64. Nf2 Kd5 65. Kd3 Ne6 66. Kd2 f3 67. Kd3
Nf4+ 68. Kd2 Kc4 69. Kc2 d3+ 70. Kd2 Kd4 71. Nd1 Nh3 72. Ne3 f2 73. Nf1 Ng1 74.
Nh2 Ke4 75. Nf1 Nf3+ 76. Kd1 Kf4 77. Kc1 Kg4 78. Kd1 Kh3 79. Kc1 Kg2 80. Ne3+
Kg1 {White resigns} 0-1

[Event "Team 45 45 League T48"]
[Site "Internet Chess Club"]
[Date "2011.04.10"]
[Round "9"]
[White "sbaker831"]
[Black "room-matt"]
[Result "1-0"]
[WhiteElo "1663"]
[BlackElo "1636"]
[Opening "English opening"]
[ECO "A30"]
[Time "13:03:16"]
[TimeControl "2700+45"]

1. Nf3 Nf6 2. c4 c5 3. g3 g6 4. Bg2 Bg7 5. O-O O-O 6. d3 d5 7. cxd5 Nxd5 8. Qc2
b6 9. Nc3 Bb7 10. Nxd5 Bxd5 11. a4 Nc6 12. Rb1 Rc8 13. b3 Nd4 14. Nxd4 cxd4 15.
Qd2 Bxg2 16. Kxg2 Qd5+ 17. Kg1 Rc3 18. Ba3 Qe6 19. Rfc1 Rfc8 20. Qb2 Rxc1+ 21.
Rxc1 Rxc1+ 22. Qxc1 Qxe2 23. Qc8+ Bf8 24. h4 Kg7 25. Qc4 Qg4 26. Kg2 f6 27. Qc7
Kf7 28. Qc4+ Ke8 29. Qc6+ Qd7 30. Qa8+ Qd8 31. Qc6+ Kf7 32. Qc4+ Kg7 33. Qe6 Qe8
34. Kf3 Qf7 35. Qxf7+ Kxf7 36. Ke4 Bg7 37. Kxd4 f5+ 38. Kd5 e6+ 39. Kc6 Bd4 40.
f3 h6 41. Bd6 Kf6 42. Bb8 a6 43. Bc7 Bf2 44. g4 fxg4 45. fxg4 Ke7 46. h5 gxh5
47. gxh5 b5 48. axb5 axb5 49. Kxb5 Bd4 50. Bf4 Bg7 51. Kc6 e5 52. Be3 Ke6 53. b4
Kf5 54. b5 e4 55. dxe4+ Kxe4 56. Bd2 Kd3 57. Bf4 Ke4 58. Bh2 Bf6 59. b6 Bd4 60.
b7 Ba7 61. Kc7 Kf5 62. Kc8 Kg5 63. Bg1 {Black resigns} 1-0